 Dungeon Crawl Stone Soup version 0.31.0-9-g3a7656b989 (webtiles) character file.

Game seed: 9875496151449618618

637 Colgate the Poker (level 7, -3/60 HPs)
             Began as a Demonspawn Chaos Knight on Feb 3, 2024.
             Was a Plaything of Xom.
             Slain by Edmund
             ... wielding a +0 flail of protection
              (6 damage)
             ... on level 5 of the Dungeon.
             The game lasted 00:05:09 (4702 turns).

Colgate the Poker (Demonspawn Chaos Knight)         Turns: 4702, Time: 00:05:10

Health: -3/60      AC: 11    Str: 12    XL:     7   Next: 25%
Magic:  0/7        EV:  2    Int: 10    God:    Xom [......]
Gold:   269        SH:  0    Dex: 21    Spells: 6/6 levels left

rFire   + . .        a - +0 spear (chaos)
rCold   . . .        (no shield)
rNeg    . . .        w - +0 plate armour
rPois   +            (helmet restricted)
rElec   .            (no cloak)
rCorr   .            (no gloves)
SInv    .            (no boots)
Will    .....        (no amulet) Stlth
                     g - ring of poison resistance
HPRegen 0.30/turn    (no ring)
MPRegen 0.20/turn

%: guardian spirit
@: sleeping
A: horns 1, magic shield, magic regeneration, agile 2, fire resistance 1, robust
1, wild magic 1
a: Renounce Religion


You were on level 5 of the Dungeon.
You worshipped Xom.
You were a very special plaything of Xom.
You visited 1 branch of the dungeon, and saw 5 of its levels.

You collected 269 gold pieces.

Inventory:

Hand Weapons
 a - a +0 spear of chaos (weapon)
Missiles
 o - 3 silver javelins (quivered)
Armour
 b - a +2 leather armour
 f - a +0 chain mail
 w - a +0 plate armour (worn)
Jewellery
 g - a ring of poison resistance (left hand)
 n - a ring of magical power
Wands
 t - a wand of digging (7) {@v3}
 z - a wand of flame (16)
Scrolls
 c - a scroll of butterflies
 d - 4 scrolls of teleportation {unknown}
 e - a scroll of enchant armour {unknown}
 h - a scroll of torment {unknown}
 i - a scroll of enchant weapon {unknown}
 k - 3 scrolls of revelation {unknown}
 q - 2 scrolls of immolation {unknown}
 u - a scroll of identify {unknown}
 v - a scroll of noise {unknown}
 x - a scroll of poison {unknown}
 y - a scroll of fear {unknown}
Potions
 j - 3 potions of degeneration {unknown}
 l - 2 potions of mutation {unknown}
 m - a potion of invisibility {unknown}
 p - 3 potions of heal wounds {unknown}
 r - a potion of berserk rage {unknown}
 s - a potion of curing {unknown}


   Skills:
 + Level 4.9 Fighting
 - Level 6.0 Polearms
 - Level 3.5 Armour
 - Level 0.8 Dodging


You had 6 spell levels left.
You didn't know any spells.
Your spell library contained the following spells:

 Spells                   Type           Power      Damage    Failure   Level
 Kiss of Death            Conj/Necr      0%         2d5       100%        1
 Blink                    Tloc           0%         N/A       100%        2
 Lesser Beckoning         Tloc           0%         N/A       100%        2
 Fugue of the Fallen      Necr           0%         N/A       100%        3
 Gell's Gravitas          Tloc           0%         N/A       100%        3
 Teleport Other           Tloc           0%         N/A       100%        3
 Animate Dead             Necr           0%         N/A       100%        4
 Borgnjor's Vile Clutch   Necr/Erth      0%         N/A       100%        5
 Summon Forest            Summ/Tloc      0%         N/A       100%        5
 Malign Gateway           Summ/Tloc      0%         N/A       100%        7


Dungeon Overview and Level Annotations

Branches:
Dungeon (5/15)
 Temple: D:4-7

Altars:
Hepliaklqana
Xom

Shops:
D:1 :

Annotations:
D:3 2 transporters, Axelsxxd's ghost, amateur FoFi
D:5 Edmund


Innate Abilities, Weirdness & Mutations

You have a pair of small horns on your head.
When hurt, damage is shared between your health and your magic reserves.
You regenerate magic rapidly.
You are very agile. (Dex +8, Str/Int -2)
Your flesh is heat resistant. (rF+)
You are robust. (+10% HP)
Your spells are a little harder to cast, but a little more powerful.


Message History

Edmund is nearby!
You are too injured to fight recklessly!
Edmund is nearby!
You are too injured to fight recklessly!
Edmund is nearby!
You are too injured to fight recklessly!
Edmund is nearby!
You are too injured to fight recklessly!
Edmund is nearby!
You are too injured to fight recklessly!
Edmund is nearby!
You are too injured to fight recklessly!
Edmund is nearby!
You are too injured to fight recklessly!
Edmund is nearby!
You are too injured to fight recklessly!
Edmund is nearby!
You hit Edmund but do no damage.
Edmund hits you with a +0 flail of protection!
You hit Edmund but do no damage.
Edmund hits you with a +0 flail of protection!
* * * LOW HITPOINT WARNING * * *
Edmund hits you but does no damage.
You closely miss Edmund.
You are engulfed in seething chaos.
Edmund hits you with a +0 flail of protection!
* * * LOW HITPOINT WARNING * * *
You hit Edmund.
Edmund is poisoned.
You headbutt Edmund.
You are engulfed in seething chaos.
Edmund hits you with a +0 flail of protection.
* * * LOW HITPOINT WARNING * * *
You hit Edmund but do no damage.
Edmund looks as sick as possible!
You are engulfed in seething chaos.
Edmund hits you with a +0 flail of protection.
* * * LOW HITPOINT WARNING * * *
You hit Edmund but do no damage.
Edmund looks as sick as possible!
You headbutt Edmund.
You are engulfed in seething chaos.
You fall asleep.
Nothing appears to happen.
Edmund hits you with a +0 flail of protection.
You die...

########################
......@@ยงยงยง.............
#####.##################
##############...................
.....#....)......################
.....#..........<+
.................# #
......########+### # ......# #.#
# ......# #.# #


You could see the neutral Edmund (fast, strong, frenzied, extremely poisoned).

Vanquished Creatures
  Duvessa (D:5)
  An ogre (D:3)
  A phantom (D:5)
  Dowan (D:5)
  A jelly (D:4)
  A hound (D:4)
  An orc priest (D:4)
  2 iguanas (D:4)
  2 orc wizards (D:4)
  6 adders
  3 dart slugs
  10 orcs
  5 bats
  2 endoplasms
  10 goblins
  6 hobgoblins
  A jackal (D:4)
  4 quokkas (D:1)
  5 ball pythons
  5 frilled lizards
  9 kobolds
  7 rats
84 creatures vanquished.

Notes
Turn   | Place    | Note
-------+----------+-------------------------------------------
     0 | D:1      | Colgate the Demonspawn Chaos Knight began the quest for the
                  | Orb.
     0 | D:1      | Reached XP level 1. HP: 18/18 MP: 1/1
    22 | D:1      | XOM: butterfly on damage
    38 | D:1      | XOM: silly message
   137 | D:1      | Reached skill level 3 in Polearms
   150 | D:1      | Gained mutation: You regenerate magic rapidly. [demonic
                  | ancestry]
   150 | D:1      | Reached XP level 2. HP: 21/24 MP: 2/2
   680 | D:1      | Reached XP level 3. HP: 29/29 MP: 3/3
   845 | D:1      | Found Veguefiu's Book Boutique.
  1486 | D:2      | XOM: divination: magic mapping
  1539 | D:2      | XOM: silly message
  1604 | D:2      | Reached skill level 4 in Polearms
  2042 | D:2      | XOM: give mutations
  2042 | D:2      | Gained mutation: You are agile. (Dex +4, Str/Int -1) [Xom's
                  | grace]
  2042 | D:2      | Gained mutation: Your spells are a little harder to cast,
                  | but a little more powerful. [Xom's grace]
  2079 | D:2      | XOM: give mutations
  2079 | D:2      | Gained mutation: You are very agile. (Dex +8, Str/Int -2)
                  | [Xom's grace]
  2079 | D:2      | Gained mutation: You are robust. (+10% HP) [Xom's grace]
  2079 | D:2      | Gained mutation: Your flesh is heat resistant. (rF+) [Xom's
                  | grace]
  2119 | D:2      | XOM: scenery: create altars
  2251 | D:2      | XOM: god gift: 3 silver javelins
  2367 | D:2      | Found a hazy altar of Hepliaklqana.
  2447 | D:2      | XOM: god gift: Xom's Grimoire of Plasticity {god gift}
  2448 | D:2      | Got Xom's Grimoire of Plasticity {god gift}
  2612 | D:2      | XOM: scenery: create altars
  2696 | D:3      | Found a hazy altar of Hepliaklqana.
  2720 | D:3      | Found a transporter.
  2720 | D:3      | Noticed Axelsxxd's ghost (amateur FoFi)
  2890 | D:3      | Gained mutation: You have a pair of small horns on your
                  | head. [demonic ancestry]
  2890 | D:3      | Reached XP level 4. HP: 34/38 MP: 4/4
  2916 | D:3      | Noticed an ogre
  2923 | D:3      | Killed an ogre
  2924 | D:3      | Reached skill level 5 in Polearms
  2924 | D:3      | Reached XP level 5. HP: 45/45 MP: 5/5
  3042 | D:3      | XOM: cloud trail
  3299 | D:3      | Found a transporter.
  3300 | D:3      | XOM: cloud trail
  3345 | D:3      | XOM: scenery: summon butterflies
  3416 | D:4      | XOM: scenery: summon butterflies
  3439 | D:4      | XOM: fog
  3463 | D:4      | Reached skill level 6 in Polearms
  3705 | D:4      | Reached XP level 6. HP: 49/51 MP: 6/6
  3714 | D:4      | XOM: enchant monster (good)
  4266 | D:5      | Entered Level 5 of the Dungeon
  4507 | D:5      | Noticed Duvessa
  4512 | D:5      | Killed Duvessa
  4513 | D:5      | Gained mutation: When hurt, damage is shared between your
                  | health and your magic reserves. [demonic ancestry]
  4513 | D:5      | Reached XP level 7. HP: 60/60 MP: 7/7
  4517 | D:5      | Noticed Dowan
  4519 | D:5      | XOM: enchant monster (bad)
  4525 | D:5      | Killed Dowan
  4686 | D:5      | Noticed Edmund
  4686 | D:5      | XOM: chaos cloud
  4701 | D:5      | HP: 2/60 [Edmund/+0 flail of protection (5)]
  4702 | D:5      | Slain by Edmund

Illustrated notes

Levels and vault maps discovered:
D:1:      wheals_arrival_shading, layout_loops_corners, serial_shops, shop,
          minmay_pentomino_t4
D:2:      layout_basic, basic_altar, roderic_serpentine_path,
          nicolae_eternal_life, minmay_stone_trees_small, minmay_three_crescents
D:3:      layout_rooms, nzn_hepliaklqana_mist_gate, serial_curves,
          eino_curves_03, eino_curves_01, eino_curves_02, eino_curves_01,
          gammafunk_ghost_stat_death, grunt_ministairs_8
D:4:      layout_rooms
D:5:      layout_basic, minitemple, nicolae_overflow_squiral, uniq_edmund,
          uniq_duvessa

Skill      XL: |  1  2  3  4  5  6 |
---------------+-------------------+-----
Polearms       | 3 4 5 6 |  6.0
Fighting       | 4 |  4.9
Armour         | 3 |  3.5
Dodging        | |  0.8

Action                     |  1- 3 |  4- 6 |  7- 9 || total
---------------------------+-------+-------+-------++-------
  Melee: Spear             |   154 |   138 |    22 ||   314
         Headbutt          |       |    24 |     7 ||    31
         Punch             |       |     2 |       ||     2
   Stab: Held in net/web   |       |     1 |       ||     1
         Paralysed         |       |     4 |       ||     4
 Armour: Leather armour    |    24 |       |       ||    24
         Chain mail        |    77 |    74 |       ||   151
         Skin              |     4 |       |       ||     4
         Plate armour      |       |    12 |    18 ||    30
  Dodge: Dodged            |    54 |    31 |       ||    85
